 Dungeon Crawl Stone Soup version 0.31.0-32-g396128a36d (webtiles) character file.

Game seed: 6863560207209015497

53 firemarshallily the Shield-Bearer (level 3, -1/28 HPs)
             Began as an Armataur Wanderer on Mar 30, 2024.
             Slain by an orc
             ... wielding a +1 mace of distortion
              (2 damage)
             ... on level 3 of the Dungeon.
             The game lasted 00:05:27 (2028 turns).

firemarshallily the Shield-Bearer (AtWn)            Turns: 2028, Time: 00:05:28

Health: -1/28      AC:  7    Str: 14 (17) XL:     3   Next: 64%
Magic:  2/6        EV:  9    Int: 13 (15) God:
Gold:   39         SH:  4    Dex:  7 (8)  Spells: 4/6 levels left

rFire   + . .        a - +0 club
rCold   . . .        d - +0 buckler
rNeg    . . .        e - +2 robe {rF+}
rPois   .            (no helmet)
rElec   .            (no cloak)
rCorr   .            m - +0 pair of gloves
SInv    .            (no barding)
Will    .....        (no amulet)
Stlth   +            (no ring)
HPRegen 0.24/turn    (no ring)
MPRegen 0.10/turn

%: roll
@: no status effects
A: large, deformed body, tough skin 3, armoured tail, roll 1
a: no special abilities


You were on level 3 of the Dungeon.
You visited 1 branch of the dungeon, and saw 3 of its levels.

You collected 39 gold pieces.

Inventory:

Hand Weapons
 a - a +0 club (weapon)
Missiles
 l - 2 poisoned darts
Armour
 d - a +0 buckler (worn)
 e - a +2 robe of fire resistance (worn)
 m - a +0 pair of gloves (worn)
Scrolls
 c - 3 scrolls of enchant weapon {unknown}
 f - a scroll of poison {unknown}
 g - 2 scrolls of identify {unknown}
 h - 2 scrolls of teleportation {unknown}
 i - a scroll of revelation {unknown}
 j - 2 scrolls of immolation {unknown}
Potions
 b - 2 potions of heal wounds
 k - 2 potions of curing {unknown}


   Skills:
 + Level 1.0 Fighting
 + Level 2.2 Armour
 - Level 1.0 Dodging
 - Level 1.1 Stealth
 + Level 2.7 Shields
 + Level 2.2 Spellcasting
 + Level 1.5 Summonings
 - Level 1.7 Air Magic


You had 4 spell levels left.
You knew the following spells:

 Your Spells              Type           Power      Damage    Failure   Level
a - Summon Small Mammal   Summ           20%        N/A       19%         1
b - Shock                 Conj/Air       12%        1d3       22%         1

Your spell library contained the following spells:

 Spells                   Type           Power      Damage    Failure   Level
 Summon Ice Beast         Ice/Summ       3%         N/A       58%         3
 Mephitic Cloud           Conj/Alch/Air  2%         N/A       61%         3
 Airstrike                Air            3%         2d(1-17)  85%         4


Dungeon Overview and Level Annotations

Branches:
Dungeon (3/15)

Altars:


Innate Abilities, Weirdness & Mutations

Armour fits poorly on your strangely shaped body.
You have extremely tough skin. (AC +3)
You have a long armoured tail.
You regenerate magic when rolling toward enemies. (Rampage MPRegen)


Message History

Casting: Shock (safe; 22% risk of failure)
Confirm with . or Enter, or press ? or * to list all spells.
Aiming: Shock (safe; 22% risk of failure)
Press: ? - help, Shift-Dir - straight line, f - orc, p - orc
Aim: an orc, wielding a +0 hand axe (64% to hit)
The zap hits the orc but does no damage.
The zap hits the orc.
The orc is moderately wounded.
Unknown command.
Casting: Shock (safe; 22% risk of failure)
Confirm with . or Enter, or press ? or * to list all spells.
Casting: Summon Small Mammal (safe; 19% risk of failure)
Confirm with . or Enter, or press ? or * to list all spells.
Aiming: Shock (safe; 22% risk of failure)
Press: ? - help, Shift-Dir - straight line, f/p - orc
Aim: an orc, wielding a +0 hand axe (moderately wounded, 64% to hit)
The zap hits the orc but does no damage.
The zap hits the orc.
The orc is heavily wounded.
Unknown command.
You roll towards the orc!
You barely miss the orc.
The orc is heavily wounded.
The orc hits you with a +0 hand axe.
Your rat bites the orc.
The orc closely misses you.
You hit the orc.
You kill the orc!
Your rat bites the orc but does no damage.
The orc hits you with a +1 mace of distortion.
Space warps horribly around you!
Ouch! That really hurt!
* * * LOW HITPOINT WARNING * * *
Your magical contamination has completely faded away.
You closely miss the orc.
An orc comes into view.
It is wielding a +1 trident of freezing.
Your rat bites the orc but does no damage.
The orc hits you but does no damage.
Your rat bites the orc.
The orc hits you with a +1 mace of distortion.
* * * LOW HITPOINT WARNING * * *
Space warps around you.
You die...

####.#
#####.
#.#
#.....
#.#
#......
#.#
#..###.
##.## #..
#. #...#
.# ..
#..r# ...
#.o.# ...
###@#
.... #)#
#.# #.#
..o .....
#......
#.....#.
#........


You could see 2 orcs and a friendly rat (summoned).

Vanquished Creatures
  2 adders (D:2)
  A dart slug (D:2)
  An orc (D:3)
  3 endoplasms
  A giant cockroach (D:1)
  2 goblins (D:1)
  4 hobgoblins
  4 jackals (D:2)
  2 quokkas
  A ball python (D:1)
  2 bats (D:2)
  2 frilled lizards (D:2)
  4 kobolds
  A rat (D:2)
30 creatures vanquished.

Notes
Turn   | Place    | Note
-------+----------+-------------------------------------------
     0 | D:1      | firemarshallily the Armataur Wanderer began the quest for
                  | the Orb.
     0 | D:1      | firemarshallily set off with the following items: a +0
                  | club, a potion of heal wounds, a +0 robe, a +0 buckler; and
                  | the following spells available to memorise: Summon Small
                  | Mammal, Shock, Mephitic Cloud, Summon Ice Beast, Airstrike.
     0 | D:1      | Reached XP level 1. HP: 14/14 MP: 3/3
     2 | D:1      | Learned a level 1 spell: Summon Small Mammal
     4 | D:1      | Learned a level 1 spell: Shock
    87 | D:1      | Found a faded altar of an unknown god.
   359 | D:1      | Reached XP level 2. HP: 21/22 MP: 4/4
  1197 | D:2      | Reached XP level 3. HP: 26/27 MP: 1/6
  1467 | D:2      | Reached skill level 1 in Fighting
  2028 | D:3      | HP: 1/28 [orc/+1 mace of distortion (4)]
  2028 | D:3      | Slain by an orc

Illustrated notes

Levels and vault maps discovered:
D:1:      psy_arrival_fountain, layout_rooms, serial_corexii_hall,
          chequers_hall_statues_wall_a, corexii_hall_statues_x,
          corexii_hall_statues_x, corexii_hall_statues_l,
          shapermc_ecumenical_altar_totnotflames, chequers_big_river,
          minmay_tetromino_s2
D:2:      layout_loops_ring, serial_bayou_lagoon_a
D:3:      layout_loops_cross, tso_oasis_becter, serial_shops,
          nicolae_shop_bloodbath_and_beyond, uniq_jessica, uniq_natasha

Skill      XL: |  1  2  3 |
---------------+----------+-----
Spellcasting   | 2 |  2.2
Armour         | 2 |  2.2
Fighting       | 1 |  1.0
Dodging        | |  1.0
Stealth        | |  1.1
Shields        | |  2.7
Summonings     | |  1.5
Air Magic      | |  1.7

Action                     || total
---------------------------++-------
  Melee: Club              ||   179
         Tailslap          ||     9
   Cast: Shock             ||    14
         Summon Small Mamm ||     3
    Use: Potion            ||     3
   Stab: Sleeping          ||     2
 Armour: Robe              ||    88
         Leather armour    ||    42
  Dodge: Dodged            ||    97
  Block: Buckler           ||    30
